 Dungeon Crawl Stone Soup version 0.29.1-15-g9cfb28693d (webtiles) character file.

Game seed: 7704797857822374765

105 DemonSlayer the Digger (level 4, -6/30 HPs)
             Began as a Demonspawn Earth Elementalist on Mar 25, 2023.
             Mangled by an iguana (13 damage)
             ... on level 4 of the Dungeon.
             The game lasted 00:04:32 (3524 turns).

DemonSlayer the Digger (DsEE)                       Turns: 3524, Time: 00:04:32

Health: -6/30      AC:  4    Str: 11    XL:     4   Next: 54%
Magic:  17/17      EV: 12    Int: 16    God:
Gold:   158        SH:  4    Dex: 13    Spells: 3/9 levels left

rFire   . . .      SeeInvis .   d - +0 dagger
rCold   . . .      Faith    .   (no shield)
rNeg    . . .      Spirit   .   a - +0 robe
rPois   .          Reflect  .   (helmet restricted)
rElec   .          Harm     .   (no cloak)
rCorr   .          Rampage  .   h - +1 pair of gloves
Will    .....                   (no boots)
Stlth   ++........              n - amulet of magic regeneration
HPRegen 0.10/turn               c - ring of magical power
MPRegen 0.55/turn               (no ring)

@: hasted, very quick
A: antennae 1, condensation shield, weakness stinger 1
a: no special abilities


You were on level 4 of the Dungeon.
You visited 1 branch of the dungeon, and saw 4 of its levels.

You collected 158 gold pieces.

Inventory:

Hand Weapons
 d - a +0 dagger (weapon)
Armour
 a - a +0 robe (worn)
 h - a +1 pair of gloves (worn)
Jewellery
 c - a ring of magical power (left hand)
 n - an amulet of magic regeneration (around neck)
Scrolls
 i - a scroll of noise {unknown}
 j - a scroll of amnesia {unknown}
 l - a scroll of enchant armour {unknown}
 m - a scroll of fog {unknown}
 o - a scroll of teleportation {unknown}
Potions
 b - a potion of berserk rage {unknown}
 e - 2 potions of attraction
 g - 3 potions of curing
 p - a potion of flight


   Skills:
 + Level 2.1 Dodging
 + Level 2.6 Stealth
 + Level 3.0 Spellcasting
 + Level 1.1 Transmutations
 + Level 3.5 Earth Magic


You had 3 spell levels left.
You knew the following spells:

 Your Spells              Type           Power      Damage    Failure   Level
a - Sandblast             Erth           26%        2d8       4%          1
b - Passwall              Tmut/Erth      7%         N/A       11%         2
c - Stone Arrow           Conj/Erth      16%        3d8       26%         3

Your spell library contained the following spells:

 Spells                   Type           Power      Damage    Failure   Level
 Petrify                  Tmut/Erth      9%         N/A       56%         4


Dungeon Overview and Level Annotations

Branches:
Dungeon (4/15)
 Temple: D:4-7

Altars:
Hepliaklqana

Shops:
D:1 [


Innate Abilities, Weirdness & Mutations

You have a pair of small antennae on your head.
A meltable shield of frost defends you. (SH +4)
You have a small tail.


Message History

You can't see any susceptible monsters within range! (Use Z to cast anyway.)
The goblin shouts!
The blast of sand hits the goblin!
You kill the goblin!
No target in view!
You can't see any susceptible monsters within range! (Use Z to cast anyway.)
You can't see any susceptible monsters within range! (Use Z to cast anyway.) Magic restored.
You open the door.
An orc comes into view. It is wielding a +0 dagger.
An orc is nearby!
An orc is nearby!
An orc is nearby!
An orc is nearby!
There is an open door here.
You can't see any susceptible monsters within range! (Use Z to cast anyway.)
The blast of sand hits the orc!
You kill the orc!
No target in view!
You can't see any susceptible monsters within range! (Use Z to cast anyway.)
You can't see any susceptible monsters within range! (Use Z to cast anyway.)
You can't see any susceptible monsters within range! (Use Z to cast anyway.)
You sense a monster nearby.
You open the door.
An iguana comes into view.
An iguana is nearby!
An iguana is nearby!
An iguana is nearby!
The iguana hisses angrily.
The iguana bites you!
There is an open door, spattered with blood here.
You barely miss the iguana. The iguana bites you.
The blast of sand hits the iguana.
The iguana is lightly wounded.
The iguana bites you!
* * * LOW HITPOINT WARNING * * *
You are too injured to fight recklessly!
You are too injured to fight recklessly!
You feel yourself speed up. The iguana bites you!
You die...

#..........).......#
#..................#
#..................#
#.####'#############
###.####...##.......
#...........#.......
#...........#.......
#...........#.......
#........)..@l......
#...........#.......
###+###....##.......
#....# ....###
#....# ....# #....#
....# +....# ....#
##+### ....#


You could see an iguana.

Vanquished Creatures
  3 adders (D:3)
  2 worms
  4 dart slugs
  An orc (D:4)
  5 ball pythons
  3 bats
  5 endoplasms
  2 giant cockroaches
  7 goblins
  6 hobgoblins
  4 jackals
  4 quokkas
  3 frilled lizards (D:1)
  7 kobolds
  4 rats
60 creatures vanquished.

Notes
Turn   | Place    | Note
-------+----------+-------------------------------------------
     0 | D:1      | DemonSlayer the Demonspawn Earth Elementalist began the
                  | quest for the Orb.
     0 | D:1      | Reached XP level 1. HP: 13/13 MP: 3/3
   103 | D:1      | Reached skill level 1 in Transmutations
   278 | D:1      | Discovered your monstrous ancestry.
   278 | D:1      | Gained mutation: You have a small tail. [demonic ancestry]
   278 | D:1      | Reached XP level 2. HP: 19/19 MP: 5/5
   315 | D:1      | Found Kuegahoc's Armour Shoppe.
   674 | D:1      | Found a faded altar of an unknown god.
   950 | D:1      | Learned a level 2 spell: Passwall
   965 | D:2      | Gained mutation: A meltable shield of frost defends you.
                  | (SH +4) [demonic ancestry]
   965 | D:2      | Reached XP level 3. HP: 24/24 MP: 6/6
  1948 | D:2      | Learned a level 3 spell: Stone Arrow
  1966 | D:2      | HP: 1/24 [frozen (5)]
  2389 | D:3      | Gained mutation: You have a pair of small antennae on your
                  | head. [demonic ancestry]
  2389 | D:3      | Reached XP level 4. HP: 11/30 MP: 8/8
  3438 | D:3      | Found a hazy altar of Hepliaklqana.
  3524 | D:4      | Mangled by an iguana

Illustrated notes

Levels and vault maps discovered:
D:1:      dpeg_arrival_windows_large_door, layout_rooms,
          shapermc_ecumenical_altar_hornbeckon, serial_shops, shop
D:2:      layout_basic, solitary_fountain, hangedman_decor_points,
          nicolae_figureground_sparkle
D:3:      layout_rooms, worldfamousw_hep_ancestral_shrine, eino_curves_02
D:4:      layout_gridville, nicolae_wu_jian_wuxing_cycle,
          gammafunk_ghost_cemetery

Skill      XL: |  1  2  3  4 |
---------------+-------------+-----
Transmutations | 1 |  1.1
Dodging        | 2 |  2.1
Stealth        | 2 |  2.6
Earth Magic    | 3 |  3.5
Spellcasting   | 3 |  3.0

Action                   |  1- 3 |  4- 6 || total
-------------------------+-------+-------++-------
Melee: Dagger            |     9 |     3 ||    12
       Tailslap          |     1 |     1 ||     2
 Cast: Sandblast         |    79 |    20 ||    99
  Use: Potion            |     1 |     1 ||     2
       Scroll            |       |     4 ||     4
 Stab: Sleeping          |     2 |     1 ||     3
Armor: Robe              |     7 |     4 ||    11
Dodge: Dodged            |    31 |     5 ||    36
Block: Other             |     6 |     1 ||     7
